Map: Ulrena

Players

pontiak - Winner!

  • Race: Zerg Zerg
  • League: Diamond

ILLBdA

  • Race: Protoss Protoss
  • League: Diamond

VOD

Have the link to the VOD?

Description

Time

  • Played on: Dec. 11, 2015, 8:03 a.m.
  • Length: 9:38
Show
View Real Time Build Order
Export as new Build Order

pontiak Zerg - Winner!

Build Orders: Pool First 

Get SALT Encoding   

  12  0:01  Drone  
  13  0:12  Overlord  
  13  0:17  Drone  
  14  0:24  Drone, Extractor  
  15  0:39  Spawning Pool  
  15  0:42  Drone  
  15  1:06  Hatchery  
  15  1:08  Drone  
  15  1:11  Drone  
  16  1:25  Zergling x2  
  16  1:26  Zergling x2  
  16  1:30  Zergling x2  
  19  1:35  Queen  
  21  1:41  Zergling x2  
  22  1:57  Overlord  
  22  2:18  Hatchery, Overlord  
  20  2:31  Overlord  
  20  2:36  Drone x2  
  21  2:37  Drone x2  
  21  2:40  Drone  
  22  2:52  Queen  
  22  2:54  Drone  
  22  2:55  Drone  
  26  3:02  Drone  
  26  3:03  Drone  
  28  3:07  Drone  
  29  3:14  Drone  
  29  3:15  Extractor  
  29  3:19  Drone  
  30  3:22  Drone  
  30  3:23  Drone x2  
  30  3:24  Overlord  
  33  3:31  Queen  
  35  3:35  Drone  
  35  3:36  Drone, Spine Crawler  
  35  3:40  Drone  
  37  3:42  Drone  
  37  3:44  Drone  
  39  3:51  Roach Warren  
  39  3:52  Extractor  
  39  3:53  Drone  
  38  3:57  Drone  
  38  3:58  Drone  
  40  4:03  Drone x3  
  40  4:06  Drone  
  40  4:07  Drone  
  45  4:15  Drone x2  
  48  4:17  Drone  
  48  4:18  Drone  
  48  4:21  Lair  
  49  4:25  Overlord  
  49  4:26  Drone  
  49  4:27  Drone  
  51  4:32  Roach  
  51  4:38  Roach  
  55  4:39  Drone x3  
  55  4:41  Overlord  
  55  4:43  Roach  
  60  4:49  Roach x2  
  60  4:50  Roach  
  60  4:52  Drone  
  67  4:56  Extractor  
  67  4:58  Extractor  
  65  5:00  Evolution Chamber, Drone x2  
  65  5:02  Drone x2  
  65  5:03  Evolution Chamber, Drone  
  68  5:08  Drone x2  
  68  5:09  Drone  
  71  5:14  Drone x3  
  71  5:15  Drone  
  71  5:17  Overlord  
  75  5:23  Drone x2  
  75  5:24  Drone  
  75  5:27  Spore Crawler, Drone  
  78  5:31  Zerg Missile Weapons Level 1, Zerg Ground Armor Level 1  
  78  5:35  Extractor  
  77  5:36  Extractor  
  77  5:40  Ravager  
  77  5:42  Ravager  
  78  5:49  Overlord x3  
  78  6:05  Ravager x3  
  78  6:06  Roach  
  78  6:07  Roach  
  85  6:20  Drone  
  85  6:21  Drone x5  
  85  6:24  Overlord x2  
  85  6:25  Overlord  
  91  6:29  Roach x4  
  91  6:31  Roach x4  
  107  6:36  Pneumatized Carapace, Overseer  
  107  6:43  Drone x2, Overlord  
  107  6:44  Hatchery  
  108  6:47  Hydralisk Den  
  107  7:07  Infestation Pit  
  106  7:09  Spore Crawler  
  106  7:12  Spine Crawler  
  106  7:14  Spine Crawler  
  103  7:25  Overlord, Roach x6  
  103  7:27  Muscular Augments  
  115  7:34  Hydralisk  
  117  7:39  Hydralisk x2  
  121  7:45  Overlord x2  
  121  7:54  Hydralisk x4  
  121  7:55  Hydralisk  
  131  8:01  Spore Crawler  
  131  8:03  Hydralisk  
  131  8:04  Hydralisk  
  134  8:12  Hydralisk x4  
  142  8:20  Drone  
  142  8:21  Drone x2, Queen  
  147  8:32  Overseer x2  
  147  8:53  Ravager x4  
  151  8:56  Overlord x2  
  151  8:57  Roach x7  
  151  9:00  Queen  
  167  9:08  Spine Crawler  
Show
View Real Time Build Order
Export as new Build Order

ILLBdA Protoss 

Build Orders: Nexus First 

Get SALT Encoding   

  12  0:00  Probe (Chrono Boost)  
  13  0:11  Probe (Chrono Boost)  
  14  0:22  Probe (Chrono Boost)  
  14  0:23  Pylon  
  15  0:41  Probe (Chrono Boost)  
  16  0:51  Probe (Chrono Boost)  
  17  1:01  Nexus  
  17  1:12  Gateway  
  17  1:14  Probe (Chrono Boost)  
  18  1:20  Assimilator  
  18  1:25  Assimilator  
  18  1:28  Probe (Chrono Boost)  
  19  1:41  Gateway  
  19  1:43  Probe (Chrono Boost)  
  20  1:53  Probe (Chrono Boost)  
  21  2:03  Cybernetics Core  
  21  2:04  Probe (Chrono Boost)  
  22  2:13  Zealot (Chrono Boost)  
  22  2:14  Probe  
  25  2:26  Probe  
  24  2:40  Mothership Core  
  26  3:00  Adept (Chrono Boost)  
  26  3:02  Probe  
  26  3:04  Probe  
  30  3:12  Warp Gate  
  30  3:13  Probe  
  30  3:16  Probe  
  32  3:23  Pylon  
  32  3:25  Probe  
  33  3:32  Pylon  
  33  3:38  Probe (Chrono Boost)  
  33  3:39  Probe (Chrono Boost)  
  33  3:40  Sentry (Chrono Boost)  
  37  3:50  Probe x2 (Chrono Boost)  
  39  4:00  Probe x2 (Chrono Boost)  
  41  4:06  Sentry  
  41  4:07  Gateway  
  41  4:08  Gateway  
  43  4:17  Pylon  
  43  4:23  Probe (Chrono Boost)  
  44  4:27  Probe (Chrono Boost)  
  45  4:33  Robotics Facility  
  45  4:37  Gateway  
  47  4:38  Sentry  
  47  4:40  Pylon  
  47  4:48  Probe x2 (Chrono Boost)  
  49  4:54  Gateway  
  49  4:55  Gateway  
  49  4:59  Gateway  
  49  5:04  Probe (Chrono Boost)  
  52  5:14  Probe (Chrono Boost)  
  51  5:16  Sentry x2  
  51  5:20  Warp Prism (Chrono Boost)  
  57  5:31  Pylon  
  57  5:32  Probe  
  57  5:34  Adept x2  
  62  5:39  Probe  
  63  5:42  Pylon  
  63  5:48  Gateway  
  63  5:52  Gateway  
  61  5:59  Immortal (Chrono Boost)  
  63  6:10  Adept  
  65  6:11  Adept x3  
  69  6:20  Adept  
  69  6:23  Assimilator  
  69  6:24  Assimilator  
  71  6:31  Probe  
  72  6:45  Twilight Council, Zealot x3  
  72  6:46  Zealot x3  
  84  6:49  Probe  
  85  7:00  Pylon  
  85  7:18  Immortal (Chrono Boost)  
  85  7:19  Pylon  
  89  7:29  Pylon x2, Charge (Chrono Boost)  
  89  7:32  Zealot x2  
  89  7:33  Probe  
  94  7:57  Immortal (Chrono Boost)  
  98  8:03  Zealot  
  98  8:04  Zealot x3  
  106  8:10  Nexus, Pylon  
  106  8:11  Forge  
  106  8:13  Pylon  
  106  8:23  Zealot x2  
  106  8:25  Pylon  
  110  8:29  Probe, Pylon  
  110  8:31  Probe  
  110  8:32  Pylon  
  112  8:34  Pylon  
  112  8:35  Zealot  
  112  8:36  Zealot x2  
  118  8:43  Sentry x2  
  118  8:44  Immortal (Chrono Boost)  
  126  9:05  Zealot x5  
  126  9:06  Zealot x2  
  107  9:30  Zealot  
  107  9:31  Zealot x3  
Tags
 
Matchup
PvZ
Replay Pack
me
Add a new tag
Caveats
  • Supply blocks, unpowered buildings, or Contaminate may cause inaccurate times.
  • Supply counts are checked every 10 seconds.